 Dungeon Crawl Stone Soup version 0.20.1-1-g8b1a95d (webtiles) character file.

1389 Zedayar the Grappler (level 8, -1/78 HPs)
             Began as a Troll Monk on Sept 4, 2017.
             Was a Believer of Makhleb.
             Slain by a wight
             ... wielding a +5 long sword of freezing
              (5 damage)
             ... on level 7 of the Dungeon.
             The game lasted 00:27:39 (5972 turns).

Zedayar the Grappler (Troll Monk)                   Turns: 5972, Time: 00:27:39

Health: -1/78      AC:  6    Str: 22    XL:     8   Next: 40%
Magic:  7/7        EV: 10    Int:  6    God:    Makhleb [**....]
Gold:   317        SH:  0    Dex: 12    Spells: 7/7 levels left

rFire    . . .     SeeInvis .     - Unarmed
rCold    . . .     Gourm    +   (no shield)
rNeg     . . .     Faith    .   o - +0 robe (curse)
rPois    .         Spirit   .   (helmet restricted)
rElec    .         Reflect  .   x - +0 cloak
rCorr    .         Harm     .   (gloves unavailable)
MR       .....                  (boots unavailable)
Stlth    +.........             (no amulet)
Regen    0.7/turn               (no ring)
MPRegen  0.1/turn               (no ring)

@: heavily drained
A: unfitting armour, claws 3, fast metabolism 3, gourmand, regeneration 1,
shaggy fur 1, tough skin 2
a: Minor Destruction, Renounce Religion


You were on level 7 of the Dungeon.
You worshipped Makhleb.
Makhleb was pleased with you.
You were not hungry.

You visited 2 branches of the dungeon, and saw 8 of its levels.

You collected 317 gold pieces.

Inventory:

Hand Weapons
 w - a +4 quarterstaff of chaos
 D - a +0 shortbow of flaming
Armour
 a - a +0 robe
 h - a +0 robe
 i - a +0 robe
 o - a cursed +0 robe (worn)
 x - a +0 cloak (worn)
Wands
 t - a wand of paralysis (14/24)
 z - a wand of lightning (6/15)
 E - a wand of lightning (7/15)
Scrolls
 e - 6 scrolls of remove curse
 f - 4 scrolls of identify
 g - 2 scrolls of enchant weapon
 m - 4 scrolls of fog {unknown}
 n - 2 scrolls of enchant armour {unknown}
 q - a scroll of amnesia {unknown}
 u - 2 scrolls of teleportation {unknown}
 y - a scroll of magic mapping {unknown}
 C - a scroll of fear {unknown}
 F - a scroll of recharging {unknown}
Potions
 j - a potion of heal wounds {unknown}
 k - a potion of agility {unknown}
 l - 2 potions of curing {unknown}
 p - a potion of ambrosia {unknown}
 s - a potion of cancellation {unknown}
 v - a potion of might {unknown}
 A - a potion of resistance {unknown}
 B - a potion of brilliance {unknown}
Comestibles
 b - 3 bread rations
 c - 2 royal jellies
 d - 2 meat rations
 r - 5 fruits
 G - 2 chunks of flesh


   Skills:
 + Level 3.7(1.7) Fighting
 + Level 4.4(2.3) Dodging
 - Level 1.1(0.0) Stealth
 + Level 9.1(6.8) Unarmed Combat
 + Level 0.6(0.0) Invocations


You had 7 spell levels left.
You didn't know any spells.

Dungeon Overview and Level Annotations

Branches:
Dungeon (7/15)             Temple (1/1) D:5

Altars:
Ashenzari
Cheibriados
Dithmenos
Elyvilon
Fedhas
Gozag
Hepliaklqana
Kikubaaqudgha
Makhleb
Nemelex Xobeh
Okawaru
Qazlal
Ru
Sif Muna
Trog
Uskayaw
Vehumet
Xom
Yredelemnul
Zin
The Shining One

Shops:
D:7 (


Innate Abilities, Weirdness & Mutations

You are too large for most types of armour.
You have claws for hands.
Your metabolism is lightning-fast.
You like to eat raw meat.
Your natural rate of healing is unusually fast.
You are covered in fur. (AC +1)
You have very tough skin. (AC +2)


Message History

The wight hits you but does no damage. The wight misses you.
Things that are here:
a battleaxe; a robe You completely miss the wight.
The wight barely misses you.
You scratch the wight.
The wight is moderately damaged.
The wight hits you with a scimitar.
* * * LOW HITPOINT WARNING * * *
You feel drained.
* * * LOW HITPOINT WARNING * * *
The wight hits you with a long sword of freezing.
* * * LOW HITPOINT WARNING * * *
You feel drained.
* * * LOW HITPOINT WARNING * * *
The wight freezes you.
* * * LOW HITPOINT WARNING * * *
You claw the wight! Your claw misses the wight.
The wight is heavily damaged.
The wight hits you with a long sword of freezing.
You die...

#.....# #.....#
###########.....#
...... .......# #
....#####.....#### #.
...... .........
#.####..########.#....
#....@z>..............
###.zz.######.##.#....
#.#### #.##.#....
#.### ###.##.#....
##...# #...##.#.(..
#.##.# ##.###.......
#.##.####....#.....).
#......)'....#.....))
#....####....#......(


You could see 3 wights.

Vanquished Creatures
  A hippogriff (D:7)
  Edmund (D:4)
  An ice beast (D:7)
  A phantom (D:6)
  A crocodile (D:7)
  A big kobold (D:7)
  A bullfrog (D:7)
  2 wights (D:7)
  A bullfrog skeleton (D:7)
  3 hounds
  3 orc wizards
  Crazy Yiuf (D:4)
  3 orc priests (D:7)
  5 worker ants
  A hound skeleton (D:7)
  2 howler monkey zombies
  5 adders
  A gnoll (D:1)
  A shadow imp (D:5)
  An ooze (D:1)
  2 adder skeletons
  4 worms
  2 dart slugs (D:1)
  4 leopard geckos
  14 orcs
  6 bats
  2 giant cockroaches
  7 goblins
  8 hobgoblins
  10 kobolds
  2 quokkas
  A ball python (D:6)
  4 frilled lizards
  6 rats
  2 plants (D:1)
110 creatures vanquished.

Notes
Turn   | Place    | Note
-------+----------+-------------------------------------------
     0 | D:1      | Zedayar the Troll Monk began the quest for the Orb.
     0 | D:1      | Reached XP level 1. HP: 22/22 MP: 0/0
   291 | D:1      | Reached XP level 2. HP: 29/29 MP: 1/1
   586 | D:1      | Reached XP level 3. HP: 35/36 MP: 2/2
  1226 | D:2      | Reached skill level 4 in Unarmed Combat
  1767 | D:2      | Reached XP level 4. HP: 44/44 MP: 3/3
  2037 | D:3      | Found a faded altar of an unknown god.
  2259 | D:3      | Paralysed by fainting for 8 turns
  2282 | D:3      | Paralysed by fainting for 12 turns
  3149 | D:4      | Reached XP level 5. HP: 48/53 MP: 4/4
  3312 | D:4      | Reached skill level 5 in Unarmed Combat
  3573 | D:4      | Noticed Edmund
  3588 | D:4      | Killed Edmund
  3588 | D:4      | Reached XP level 6. HP: 22/61 MP: 5/5
  3589 | D:4      | Reached skill level 6 in Unarmed Combat
  3714 | D:4      | Found a runed door.
  3718 | D:4      | Noticed Crazy Yiuf
  3724 | D:4      | Killed Crazy Yiuf
  4116 | D:5      | Entered Level 5 of the Dungeon
  4156 | D:5      | Found a staircase to the Ecumenical Temple.
  4162 | Temple   | Entered the Ecumenical Temple
  4330 | Temple   | Became a worshipper of Makhleb the Destroyer
  4330 | Temple   | Reached * piety under Makhleb
  4330 | Temple   | Reached ** piety under Makhleb
  4616 | D:5      | Paralysed by fainting for 6 turns
  4630 | D:5      | Paralysed by fainting for 6 turns
  4916 | D:6      | Reached XP level 7. HP: 61/67 MP: 6/6
  5358 | D:7      | Reached skill level 7 in Unarmed Combat
  5497 | D:7      | HP: 3/67 [something/puff of flame (5)]
  5654 | D:7      | Noticed a hippogriff
  5660 | D:7      | Killed a hippogriff
  5660 | D:7      | Reached skill level 8 in Unarmed Combat
  5675 | D:7      | Found Ycwoir's Weapon Shop.
  5709 | D:7      | Reached XP level 8. HP: 76/76 MP: 7/7
  5956 | D:7      | Reached skill level 9 in Unarmed Combat
  5969 | D:7      | HP: 2/78 [wight/long sword of freezing (3)]
  5972 | D:7      | Slain by a wight

Skill      XL: |  1  2  3  4  5  6  7  8 |
---------------+-------------------------+-----
Unarmed Combat | 4 5 6 8 9 |  9.1
Fighting       | 3 |  3.7
Dodging        | 3 4 |  4.4
Stealth        | |  1.1
Invocations    | |  0.6

Action                   |  1- 3 |  4- 6 |  7- 9 || total
-------------------------+-------+-------+-------++-------
Melee: Unarmed           |   101 |   143 |   105 ||   349
       Punch             |     2 |     3 |     2 ||     7
Invok: Minor Destruction |       |       |     1 ||     1
  Use: Scroll            |       |     2 |       ||     2
 Stab: Sleeping          |     2 |       |     1 ||     3
  Eat: Chunk             |    15 |    17 |    10 ||    42
       Bread ration      |       |     2 |     1 ||     3
Armor: Robe              |    11 |    29 |    36 ||    76
Dodge: Dodged            |    33 |    67 |    67 ||   167
